 Dungeon Crawl Stone Soup version 0.29.1-15-g9cfb28693d (webtiles) character file.

Game seed: 8518116162948709687

16793 Ijustatesigmund the Prestidigitator (level 12, -7/84 HPs)
             Began as a Kobold Hunter on Feb 25, 2023.
             Was a Priest of Ashenzari.
             Mangled by a large abomination (20 damage)
             ... on level 2 of the Abyss.
             The game lasted 00:55:10 (18295 turns).

Ijustatesigmund the Prestidigitator (KoHu)         Turns: 18295, Time: 00:55:10

Health: -7/84      AC: 25    Str: 18    XL:     12   Next: 74%
Magic:  12/12      EV: 12    Int: 13    God:    Ashenzari [***...]
Gold:   520        SH:  9    Dex: 25    Spells: 6/11 levels left

rFire   + . .      SeeInvis +   h - +2 quick blade (vorpal)
rCold   . . .      Faith    .   t - +1 buckler "Astral Scepticism" {Self, Evo} (curse)
rNeg    . . .      Spirit   .   u - +2 shadow dragon scales
rPois   .          Reflect  .   (no helmet)
rElec   +          Harm     .   (no cloak)
rCorr   .          Rampage  .   k - +1 pair of gloves "At What Cost Knowledge?" {Range, Evo} (curse)
Will    .....      Clarity  +   j - +0 pair of boots of the Fated Chagrin {Fort, Evo} (curse)
Stlth   ++++++....              (no amulet)
HPRegen 0.24/turn               d - ring of Ashenzari's Anxiety {*Corrode rF+ AC+4 Str+8, Melee, Alch} (curse)
MPRegen 0.13/turn               q - ring of the Unyielding Gaze {Dex+6, Self, Elem} (curse)

@: studying Evocations
A: small, no large weapons, nightstalker 3, electricity resistance, subdued
magic 1, MP-powered wands
a: Renounce Religion, Curse Item, Shatter the Chains


You were on level 2 of the Abyss.
You worshipped Ashenzari.
Ashenzari was most pleased with you.
You visited 1 branch of the dungeon, and saw 12 of its levels.
You visited the Abyss 1 time.
You also visited: Sewer and Bailey.

You collected 839 gold pieces.
You spent 319 gold pieces at shops.

Inventory:

Hand Weapons
 a - the +3 sling of Renairig {flame, rElec rN+ SInv Stlth-}
   (You took it off a gnoll on level 5 of the Dungeon)

   Any ammunition fired from it burns those it strikes, dealing additional fire
   damage.
   rElec:     It insulates you from electricity.
   rN:        It protects you from negative energy.
   SInv:      It lets you see invisible.
   Stlth:     It makes you less stealthy.
 h - a +2 vorpal quick blade (weapon)
Missiles
 A - 26 poisoned darts (quivered)
Armour
 j - the cursed +0 pair of boots of the Fated Chagrin (worn) {Fort, Evo}
   (You found it on level 4 of the Dungeon)

   It has a curse which improves the following skills: Fortitude: Armour and
   Shields.
   Evocations: Evocations.
 k - the cursed +1 pair of gloves "At What Cost Knowledge?" (worn) {Range, Evo}
   (You found it on level 4 of the Dungeon)

   It has a curse which improves the following skills: Ranged Combat: Ranged
   Weapons and Throwing.
   Evocations: Evocations.
 l - a +2 pair of boots of flying
 t - the cursed +1 buckler "Astral Scepticism" (worn) {Self, Evo}
   (You found it on level 5 of the Dungeon)

   It has a curse which improves the following skills: Introspection: Fighting
   and Spellcasting.
   Evocations: Evocations.
 u - +2 shadow dragon scales (worn)
Jewellery
 d - the cursed ring of Ashenzari's Anxiety (left hand) {*Corrode rF+ AC+4 Str+8, Melee, Alch}
   (You acquired it on level 2 of the Dungeon)

   [ring of protection]

   AC:        It affects your AC (+4).
   Str:       It affects your strength (+8).
   rF:        It protects you from fire.
   *Corrode:  It may corrode you when you take damage.
   It has a curse which improves the following skills: Melee Combat: Short
   Blades, Long Blades, Axes, Maces & Flails, Polearms, Staves and Unarmed
   Combat.
   Alchemy:   Poison Magic and Transmutations.
 i - a ring of fire
 n - a ring of wizardry
 p - a +6 ring of intelligence
 q - the cursed ring of the Unyielding Gaze (right hand) {Dex+6, Self, Elem}
   (You found it on level 6 of the Dungeon)

   [ring of dexterity]

   Dex:       It affects your dexterity (+6).
   It has a curse which improves the following skills: Introspection: Fighting
   and Spellcasting.
   Elements:  Fire Magic, Ice Magic, Air Magic and Earth Magic.
 D - a ring of resist corrosion
Scrolls
 b - a scroll of immolation
 m - a scroll of brand weapon
 x - 4 scrolls of magic mapping
Potions
 e - a potion of cancellation
 g - 5 potions of brilliance
 s - 2 potions of mutation
 w - a potion of attraction


   Skills:
 - Level 11.2(13.6) Fighting
 + Level 10.5(12.1) Short Blades
 - Level 8.0(9.6) Ranged Weapons
 - Level 2.4(3.8) Throwing
 + Level 8.4(10.0) Armour
 - Level 3.7 Dodging
 + Level 7.0 Stealth
 - Level 3.7(5.2) Shields
 - Level 12.1(15.3) Evocations


You had 6 spell levels left.
You knew the following spells:

 Your Spells              Type           Power      Damage    Failure   Level
a - Fireball              Conj/Fire      0%         3d3       100%        5

Your spell library contained the following spells:

 Spells                   Type           Power      Damage    Failure   Level
 Necrotise                Necr           0%         1d4       98%         1
 Portal Projectile        Hex/Tloc       0%         N/A       100%        3
 Tukima's Dance           Hex            0%         N/A       100%        3
 Vampiric Draining        Necr           0%         2d6       100%        3
 Fulminant Prism          Conj/Hex       0%         3d6       100%        4
 Iskenderun's Mystic Bla  Conj/Tloc      0%         2d3       100%        4
 Agony                    Necr           0%         N/A       100%        5
 Blade Hands              Tmut           0%         N/A       100%        5
 Freezing Cloud           Conj/Ice/Air   0%         6-21      100%        5
 Lee's Rapid Deconstruct  Erth           0%         3d5*      100%        5
 Simulacrum               Ice/Necr       0%         N/A       100%        6
 Starburst                Conj/Fire      0%         6d3       100%        6
 Ignition                 Fire           0%         3d3       100%        8
 Polar Vortex             Ice            0%         N/A       100%        9


Dungeon Overview and Level Annotations

Branches:
Dungeon (12/15)            Temple (0/1) D:5            Lair (0/5) D:9
  Sewer (visited)          Bailey (visited)
    Orc: D:9-12

Altars:
Ashenzari
Cheibriados
Elyvilon
Fedhas
Gozag
Kikubaaqudgha
Makhleb
Qazlal
Ru
Trog
Uskayaw
Vehumet

Shops:
D:5 :   D:10 (   D:11 *

Portals:
Trove: D:12 (give 5 potions of resistance)

Annotations:
D:2 Grinder
D:12 Erolcha


Innate Abilities, Weirdness & Mutations

You are small and have problems with some larger weapons.
You are completely attuned to the shadows.
You are resistant to electric shocks. (rElec)
Your spells are a little easier to cast, but a little less powerful.
You expend magic power (3 MP) to strengthen your wands.


Message History

You hit the hell hound.
The hell hound is severely wounded.
The hell hound closely misses you.
You closely miss the hell hound.
The hell hound is severely wounded.
You barely miss the red very ugly thing.
You closely miss the red very ugly thing.
You closely miss the red very ugly thing.
You hit the red very ugly thing.
The red very ugly thing is lightly wounded.
You hit the red very ugly thing.
The red very ugly thing is lightly wounded.
The red very ugly thing disappears in a puff of smoke!
You completely miss the large abomination.
The red very ugly thing disappears in a puff of smoke!
You hit the large abomination but do no damage.
The large abomination hits you but does no damage.
You hit the large abomination but do no damage.
The cyan very ugly thing disappears in a puff of smoke!
You hit the large abomination but do no damage.
The large abomination hits you.
* * * LOW HITPOINT WARNING * * *
You hit the large abomination but do no damage.
You hit the large abomination but do no damage.
The worldbinder calls forth creatures from the Vaults!
The large abomination hits you.
* * * LOW HITPOINT WARNING * * *
You hit the large abomination.
The large abomination is lightly damaged.
You completely miss the large abomination.
The large abomination is lightly damaged.
You hit the large abomination but do no damage.
The large abomination is lightly damaged.
You block the large abomination's attack.
You hit the large abomination but do no damage.
The large abomination is lightly damaged.
You hit the large abomination.
The large abomination is lightly damaged.
The large abomination hits you!!
You die...

, , ..
#....
,.. . .#
# . ..{
.. . * .
## # ..
* , .. #
..##* ,
#.#
.#..# ,
.. . .##
...{{###
# , *
#{{#@#,
#X## * *


uhx# * ..#u * , . ..#. , , #. *, * , ,, ,* * , * * , ,, You could see 2 very
ugly things, a large abomination, a worldbinder and a hell hound.

Vanquished Creatures
  A deep elf demonologist (Abyss:2)
  A hydra (D:11)
  2 boulder beetles
  3 two-headed ogres (D:10)
  2 thrashing horrors (Abyss:2)
  2 orc sorcerers
  2 manticores (D:11)
  A cyclops (D:11)
  A troll (D:11)
  An ancient zyme (Abyss:2)
  7 raiju (Abyss:2)
  A shadow (D:10)
  A flying skull (Abyss:2)
  A wraith (D:11)
  9 yaks
  4 large abominations (Abyss:2)
  A wyvern (D:10)
  A steam dragon (D:10)
  2 chaos spawn (Abyss:2)
  3 vampire mosquitoes (D:8)
  An acid dragon (D:11)
  A water moccasin (D:7)
  A hell hound (Abyss:2)
  10 orc warriors
  An ice beast (D:5)
  2 ogres (D:4)
  A sky beast (D:6)
  7 centaurs
  2 phantoms
  3 kobold brigands
  2 necrophages
  2 bullfrogs
  A gnoll sergeant (D:11)
  A small abomination (Abyss:2)
  8 killer bees
  An electric eel (Bailey)
  5 howler monkeys
  2 hounds
  A jelly (D:7)
  6 orc priests
  7 orc wizards
  An iguana (D:7)
  Natasha (twice) (D:3)
  12 adders
  17 gnolls
  4 river rats (Sewer)
  An ufetubus (D:5)
  5 worms
  43 orcs
  8 endoplasms
  3 giant cockroaches
  19 goblins
  18 hobgoblins
  3 jackals (D:4)
  16 kobolds
  5 quokkas
  11 ball pythons
  8 bats
  3 frilled lizards
  5 rats
295 creatures vanquished.

Vanquished Creatures (others)
  A flying skull (Abyss:2)
  A small abomination (Abyss:2)
  3 fungi (D:5)
  A lurking horror (Abyss:2)
  12 plants (D:10)
18 creatures vanquished.

Grand Total: 313 creatures vanquished

Notes
Turn   | Place    | Note
-------+----------+-------------------------------------------
     0 | D:1      | Ijustatesigmund the Kobold Hunter began the quest for the
                  | Orb.
     0 | D:1      | Reached XP level 1. HP: 12/12 MP: 1/1
   199 | D:1      | Reached XP level 2. HP: 18/18 MP: 2/2
   590 | D:1      | Reached skill level 1 in Armour
   619 | D:1      | Found a faded altar of an unknown god.
   887 | D:1      | Reached XP level 3. HP: 23/23 MP: 3/3
  1746 | D:2      | Reached skill level 1 in Short Blades
  1844 | D:2      | Reached XP level 4. HP: 28/28 MP: 4/4
  2291 | D:2      | Identified a scroll of acquirement
  2291 | D:2      | Acquired the ring of Baskog {*Corrode rF+ AC+4 Str+8}
  3336 | D:3      | Reached XP level 5. HP: 33/33 MP: 5/5
  3361 | D:3      | Found a stormy altar of Qazlal.
  3362 | D:3      | Noticed Natasha
  3371 | D:3      | Killed Natasha
  3497 | D:3      | Found a hide-covered altar of Uskayaw.
  3540 | D:3      | Found a broken altar of Ashenzari.
  3547 | D:3      | Became a worshipper of Ashenzari the Shackled
  3698 | D:3      | Noticed Grinder
  3727 | D:2      | Paralysed by something for 4 turns
  4176 | D:4      | Gained mutation: Your movements are slightly less
                  | encumbered by armour. (ER -2) [potion of mutation]
  4176 | D:4      | Gained mutation: You have a pair of small antennae on your
                  | head. [potion of mutation]
  4182 | D:4      | Reached XP level 6. HP: 24/39 MP: 6/6
  4229 | D:4      | Noticed an ogre
  4634 | D:4      | Noticed an ogre
  4642 | D:4      | Killed an ogre
  4927 | D:4      | Killed an ogre
  4928 | D:4      | Reached skill level 5 in Fighting
  4928 | D:4      | Reached XP level 7. HP: 19/44 MP: 7/7
  5451 | D:5      | Entered Level 5 of the Dungeon
  5840 | D:5      | Identified the +3 sling of Renairig {flame, rElec rN+ SInv
                  | Stlth-}
  6073 | D:5      | Reached * piety under Ashenzari
  6239 | D:5      | Found a staircase to the Ecumenical Temple.
  6339 | D:5      | Found an opulent altar of Gozag.
  6548 | D:5      | Found Wic Eri's Book Emporium.
  6578 | D:5      | Found a snail-covered altar of Cheibriados.
  6600 | D:5      | Reached XP level 8. HP: 30/49 MP: 8/8
  6606 | D:5      | Reached skill level 1 in Shields
  7108 | D:6      | Found a bloodstained altar of Trog.
  7248 | D:6      | Found a glowing drain.
  7276 | Sewer    | Entered a sewer
  7765 | Sewer    | Reached ** piety under Ashenzari
  7772 | Sewer    | Learned a level 5 spell: Fireball
  8177 | D:6      | Found a burning altar of Makhleb.
  8197 | D:6      | Found an ancient bone altar of Kikubaaqudgha.
  8352 | D:6      | Reached skill level 1 in Evocations
  8709 | D:6      | Reached skill level 2 in Evocations
  8741 | D:7      | Reached XP level 9. HP: 53/56 MP: 9/9
  8763 | D:7      | Reached skill level 1 in Throwing
  8801 | D:7      | Reached skill level 3 in Evocations
  8897 | D:7      | Found a flagged portal.
  8902 | Bailey   | Entered a bailey
 10390 | Bailey   | Found an iron altar of Okawaru.
 10391 | Bailey   | Noticed an orc sorcerer
 10391 | Bailey   | Noticed a kobold demonologist
 10393 | Bailey   | Identified the +5 war axe "Orb Guardian's Curse" {vorpal,
                  | rElec rN+ Int+2}
 10534 | Bailey   | Paralysed by an orc sorcerer for 2 turns
 10548 | Bailey   | Paralysed by an orc sorcerer for 5 turns
 10557 | Bailey   | Acquired a manual of Evocations
 10702 | D:7      | Found a white marble altar of Elyvilon.
 10726 | D:7      | Reached skill level 4 in Evocations
 10843 | D:7      | Reached XP level 10. HP: 67/68 MP: 10/10
 11443 | D:3      | Noticed Natasha
 11447 | D:3      | Killed Natasha
 11593 | D:8      | Reached skill level 5 in Evocations
 11734 | D:8      | Reached skill level 6 in Evocations
 12264 | D:9      | Reached skill level 5 in Armour
 12285 | D:9      | Found a sacrificial altar of Ru.
 12307 | D:9      | Reached skill level 7 in Evocations
 12370 | D:9      | Noticed a boulder beetle
 12387 | D:9      | Killed a boulder beetle
 12569 | D:10     | Entered Level 10 of the Dungeon
 12569 | D:10     | Noticed a two-headed ogre
 12583 | D:9      | Reached skill level 8 in Evocations
 12954 | D:9      | Found a radiant altar of Vehumet.
 13010 | D:9      | Found a staircase to the Lair.
 13607 | D:10     | Noticed a two-headed ogre
 13620 | D:10     | Noticed a boulder beetle
 13808 | D:10     | Killed a two-headed ogre
 13809 | D:10     | Reached skill level 10 in Fighting
 13809 | D:10     | Reached skill level 5 in Short Blades
 13809 | D:10     | Reached skill level 9 in Evocations
 14154 | D:10     | Noticed a skeletal warrior
 14183 | D:10     | Found Zoxug's Weapon Emporium.
 14495 | D:10     | Reached XP level 11. HP: 43/74 MP: 11/11
 14914 | D:10     | Reached skill level 10 in Evocations
 15113 | D:10     | Noticed a two-headed ogre
 15137 | D:10     | Noticed a two-headed ogre
 15138 | D:10     | Killed a two-headed ogre
 15142 | D:10     | Killed a boulder beetle
 15163 | D:10     | Reached skill level 11 in Evocations
 15176 | D:10     | Killed a two-headed ogre
 15370 | D:10     | Noticed an orc sorcerer
 15380 | D:10     | Killed an orc sorcerer
 15398 | D:10     | Noticed a purple ugly thing
 15420 | D:10     | Noticed a cyclops
 15962 | D:11     | Noticed a manticore
 15988 | D:11     | Killed a manticore
 15989 | D:11     | Reached skill level 12 in Evocations
 16335 | D:11     | Reached *** piety under Ashenzari
 16423 | D:11     | Noticed a cyclops
 16427 | D:11     | Killed a cyclops
 16428 | D:11     | Reached XP level 12. HP: 84/84 MP: 12/12
 16498 | D:11     | Found a blossoming altar of Fedhas.
 16498 | D:11     | Noticed a four-headed hydra
 16521 | D:11     | Killed a four-headed hydra
 16750 | D:11     | Found Ickamal's Assorted Antiques.
 16756 | D:11     | Bought a scroll labelled SUFRYOQ UCING for 34 gold pieces
 16756 | D:11     | Bought a scroll of enchant weapon for 255 gold pieces
 16756 | D:11     | Bought a metallic green potion for 30 gold pieces
 16956 | D:12     | Found a portal to a secret trove of treasure.
 17148 | D:12     | Noticed Erolcha
 17152 | Abyss:2  | Cast into level 2 of the Abyss (Erolcha)
 17206 | Abyss:2  | Noticed a thrashing horror
 17209 | Abyss:2  | Killed a thrashing horror
 17345 | Abyss:2  | Noticed a starcursed mass
 17402 | Abyss:2  | Reached skill level 5 in Stealth
 17483 | Abyss:2  | Noticed a large abomination
 17564 | Abyss:2  | Noticed a thrashing horror
 17566 | Abyss:2  | Noticed a thrashing horror
 17569 | Abyss:2  | Noticed a large abomination
 17575 | Abyss:2  | Noticed a large abomination
 17689 | Abyss:2  | Noticed a white draconian stormcaller
 17705 | Abyss:2  | HP: 1/84 [raiju/living lightning (12)]
 17713 | Abyss:2  | Lost mutation: You have a pair of small antennae on your
                  | head. [potion of mutation]
 17713 | Abyss:2  | Lost mutation: Your movements are slightly less encumbered
                  | by armour. (ER -2) [potion of mutation]
 17713 | Abyss:2  | Gained mutation: You expend magic power (3 MP) to
                  | strengthen your wands. [potion of mutation]
 17713 | Abyss:2  | Gained mutation: Your spells are a little easier to cast,
                  | but a little less powerful. [potion of mutation]
 17713 | Abyss:2  | Gained mutation: You are resistant to electric shocks.
                  | (rElec) [potion of mutation]
 17728 | Abyss:2  | HP: 1/84 [raiju/living lightning (4)]
 17737 | Abyss:2  | Reached skill level 10 in Short Blades
 17847 | Abyss:2  | Noticed a deep elf demonologist
 17952 | Abyss:2  | Noticed a thrashing horror
 17978 | Abyss:2  | Killed a thrashing horror
 17993 | Abyss:2  | Killed a deep elf demonologist
 18129 | Abyss:2  | HP: 3/84 [large abomination (10)]
 18191 | Abyss:2  | Noticed a thrashing horror
 18192 | Abyss:2  | Noticed a wretched star
 18245 | Abyss:2  | Noticed a large abomination
 18257 | Abyss:2  | Noticed a red very ugly thing
 18257 | Abyss:2  | Noticed a cyan very ugly thing
 18280 | Abyss:2  | Noticed a red very ugly thing
 18291 | Abyss:2  | Noticed a white very ugly thing
 18291 | Abyss:2  | Noticed a red very ugly thing
 18295 | Abyss:2  | Mangled by a large abomination

Illustrated notes

Levels and vault maps discovered:
D:1:      dpeg_arrival_simpleton_c, layout_basic, basic_ecumenical_altar
D:2:      layout_loops_ring, serial_rivers, chequers_serial_rivers_micro_a,
          chequers_serial_rivers_micro_e, chequers_serial_rivers_micro_d,
          chequers_serial_rivers_small_a, chequers_serial_rivers_micro_d,
          nrook_uturn, kennysheep_decorative_pillar, skrybe_limestone_x
D:3:      layout_loops_ring, cheibrodos_ashenzari_chains, jmf_multi_god_temple,
          small_statue_intersection, uniq_natasha, uniq_grinder
D:4:      layout_basic
D:5:      layout_loops_cross, mainiacjoe_overflow_chevrons,
          mainiacjoe_overflow_24_doors, minmay_temple_entry_offerings,
          serial_shops, shop, dk_noncrumbling_2, dreamdust_mushroom_princess,
          corexii_shack
D:6:      layout_rooms, bloody_makhleb, kiku_gazebo_pond_becter, bloody_trog,
          gup_sewer_entry_bubbles
D:7:      layout_rooms, elyvilon_altar_3, enter_bailey_3
D:8:      layout_cave_pools
D:9:      layout_rooms, amcnicky_altar_gilded, nicolae_ru_path_of_blood,
          lair_entry_dummy, minmay_misc_feat_doors
D:10:     minmay_the_grid_4x2 [minmay_the_grid_eight,
          minmay_the_grid_minigrid_small_alt, minmay_the_grid_fan,
          minmay_the_grid_square_x, minmay_the_grid_spikes,
          minmay_the_grid_minigrid_large, minmay_the_grid_doors,
          minmay_the_grid_prize_trominoes], layout_irregular_city, serial_shops,
          shop, minmay_shop_grid_forest, serial_bayou_pond_c
D:11:     layout_loops_ring, serial_shops, nicolae_shop_hallway_plus,
          fedhas_altar_1
D:12:     layout_irregular_city, orc_0_dummy, serial_rivers,
          chequers_serial_rivers_small_b, chequers_serial_rivers_room_a,
          chequers_serial_rivers_large_b, chequers_serial_rivers_micro_a,
          enter_trove_0, minmay_crystal_water, uniq_erolcha
Abyss:2:  base: D:10, bh_abyss_negative, bh_abyss_negative, minivault_25_ag

Skill      XL: |  1  2  3  4  5  6  7  8  9 10 11 12 |
---------------+-------------------------------------+-----
Armour         | 1 3 4 6 7 8 |  8.4
Fighting       | 3 4 5 8 10 11 | 11.2
Short Blades   | 1 2 3 4 5 8 10 | 10.5
Dodging        | 3 |  3.7
Ranged Weapons | 6 8 |  8.0
Shields        | 3 |  3.7
Evocations     | 2 4 9 12 | 12.1
Throwing       | 2 |  2.4
Stealth        | 7 |  7.0

Action                   |  1- 3 |  4- 6 |  7- 9 | 10-12 || total
-------------------------+-------+-------+-------+-------++-------
Melee: Quick blade       |       |       |   746 |   823 ||  1569
       Punch             |       |       |     3 |       ||     3
 Fire: Shortbow          |    72 |   196 |    99 |       ||   367
       Sling             |       |       |       |   126 ||   126
Throw: Dart              |       |       |    10 |       ||    10
Invok: Curse Item        |       |       |     4 |     2 ||     6
       Shatter the Chain |       |       |     1 |       ||     1
Evoke: Wand              |       |       |     8 |    21 ||    29
  Use: Scroll            |       |    10 |     7 |     7 ||    24
       Potion            |       |     7 |     8 |    11 ||    26
 Stab: Sleeping          |       |       |    13 |     5 ||    18
       Paralysed         |       |       |     9 |     6 ||    15
       Distracted        |       |       |       |     1 ||     1
Armor: Leather armour    |     9 |    30 |   101 |       ||   140
       Skin              |       |    20 |       |       ||    20
       Shadow dragon sca |       |       |     9 |   279 ||   288
Dodge: Dodged            |    25 |    82 |   250 |   274 ||   631
Block: Buckler           |       |       |   146 |   241 ||   387
